 Dungeon Crawl Stone Soup version 0.30.1-11-g7821555f0a (webtiles) character file.

Game seed: 12641083976537350576

9 ChrisAssaf the Magician (level 2, -1/22 HPs)
             Began as a Djinni Fire Elementalist on Jan 4, 2024.
             Slain by a worm (9 damage)
             ... on level 2 of the Dungeon.
             The game lasted 00:01:37 (316 turns).

ChrisAssaf the Magician (Djinni Fire Elementalist)   Turns: 316, Time: 00:01:37

Health: -1/22      AC:  2    Str:  7    XL:     2   Next: 25%
Gold:   35         EV: 12    Int: 16    God:
                   SH:  0    Dex: 13

rFire   + + .        c - +0 short sword
rCold   x . .        (no shield)
rNeg    . . .        a - +0 robe
rPois   ∞            (no helmet)
rElec   .            (no cloak)
rCorr   .            (no gloves)
SInv    .            (boots unavailable)
Will    .....        (no amulet)
Stlth   ++           (no ring)
HPRegen 0.23/turn    (no ring)
MPRegen 0.00/turn

%: infuse magic (-2 HP)
@: flying, very slightly contaminated
A: sickness immunity, fire resistance 2, cold vulnerability 1, float, innate
caster, HP casting, extra vitality 1
a: no special abilities


You were on level 2 of the Dungeon.
You visited 1 branch of the dungeon, and saw 2 of its levels.

You collected 35 gold pieces.

Inventory:

Hand Weapons
 c - a +0 short sword (weapon)
Armour
 a - a +0 robe (worn)
Scrolls
 b - a scroll of amnesia {unknown}


   Skills:
 * Level 0.5 Fighting
 * Level 0.3 Armour
 * Level 2.2 Dodging
 * Level 1.6 Stealth
 * Level 2.6 Spellcasting


You knew the following spells:

 Your Spells              Type           Power      Damage    Failure   Level
a - Foxfire               Conj/Fire      40%        2x1d6     7%          1
b - Scorch                Fire           20%        2d6       10%         2
c - Volatile Blastmotes   Fire/Tloc      20%        2d11      21%         3
d - Inner Flame           Hex/Fire       10%        N/A       21%         3
e - Flame Wave            Conj/Fire      10%        2d6       54%         4
Your spell library was empty.

Dungeon Overview and Level Annotations

Branches:
Dungeon (2/15)

Altars:


Innate Abilities, Weirdness & Mutations

You are immune to sickness and miasma.
You are immune to poison.
Your flesh is very heat resistant. (rF++)
You are vulnerable to cold. (rC-)
You float through the air rather than walking.
You learn spells naturally, not from books.
Your magical power is your life essence.
You have superior vitality. (+4 MHP)


Message History

You hear a shout!
As you read the scroll labelled JEBIN MUGUPNI, it crumbles to dust.
You feel strangely unstable.
It was a scroll of teleportation.
You aren't carrying any potions.
Unknown command.
A goblin comes into view. It is wielding a +0 dagger.
Your surroundings suddenly seem different.
A bat comes into view.
Found a rapier.
Found a stone staircase leading down.
Casting: Scorch (safe; 10% risk of failure)
Press: ? - help, Q - select action, (/) - cycle Dir - look around, f - activate Flames lash the bat.
You kill the bat!
You see here a +0 rapier.
A giant cockroach comes into view.
A worm comes into view.
The giant cockroach barely misses you.
Casting: Scorch (safe; 10% risk of failure)
Press: ? - help, Q - select action, (/) - cycle Dir - look around, f - activate Flames lash the giant cockroach.
You kill the giant cockroach!
Unknown command.
The worm closely misses you.
Casting: Scorch (safe; 10% risk of failure)
Press: ? - help, Q - select action, (/) - cycle Dir - look around, f - activate You miscast Scorch.
You are very lightly contaminated with residual magic.
Nothing appears to happen.
The worm bites you.
Casting: Scorch (safe; 10% risk of failure)
Press: ? - help, Q - select action, (/) - cycle Dir - look around, f - activate Flames lash the worm.
The worm is heavily wounded.
The worm's fire resistance burns away.
Unknown command.
You aren't carrying any potions.
You hit the worm.
The worm is severely wounded.
The worm bites you!
You die...

..
###...#.).#.#.#
..
........>...#.#
###...#..####.#.
#...#.........
##...##.####.##
...............
#####.##.#....##
#####.##.####.##
.......@w......#
#####.##.####..#
# #.# #.#
#...†.# ####..#
.... #..#.
#..#.#


You could see a worm (combustible).

Vanquished Creatures
  A dart slug (D:1)
  An endoplasm (D:1)
  A giant cockroach (D:2)
  A hobgoblin (D:2)
  A bat (D:2)
  2 frilled lizards (D:1)
  A kobold (D:1)
8 creatures vanquished.

Vanquished Creatures (others)
  9 foxfires (D:1)
9 creatures vanquished.

Grand Total: 17 creatures vanquished

Notes
Turn   | Place    | Note
-------+----------+-------------------------------------------
     0 | D:1      | ChrisAssaf the Djinni Fire Elementalist began the quest for
                  | the Orb.
     0 | D:1      | ChrisAssaf set off with the following spells memorised:
                  | Foxfire, Scorch, Volatile Blastmotes, Inner Flame, Flame
                  | Wave.
     0 | D:1      | Reached XP level 1. HP: 15/15 MP: 0/0
   153 | D:1      | Reached XP level 2. HP: 9/21 MP: 0/0
   316 | D:2      | Slain by a worm

Illustrated notes

Levels and vault maps discovered:
D:1:      dpeg_arrival_castle, layout_loops_ring,
          ebering_ecumenical_altar_sacrificial, serial_shops, shop,
          minmay_pentomino_o2
D:2:      layout_basic

Action                     || total
---------------------------++-------
  Melee: Short sword       ||     1
   Cast: Foxfire           ||     5
         Scorch            ||     4
    Use: Scroll            ||     1
  Dodge: Dodged            ||     8
